Unix NetHack Version 5.0.0-0 post-release - last build May 10 2026 23:12:36 (d1fa5d53e341ca933230fdaa984d921c805b60aa,branch:main).

Game began 2026-05-11 20:32:27, ended 2026-05-11 21:56:20.

DaveT, lawful male human Priest

                            -------            -----
                            |.....|--     ------.`.|
                            |.....+.|     |....%...|
                          --|.....|-|     |..%.....|
                          |d......+.|   ----.-------
                          |Y|.....|-|  --.........|
                          |@|.....+.|  |..........|
                          |%|.....|--  |..........|
                          |(|------   --------.-----
                          |.|         |............|
                          |.|         |............|
                          |%|         |----.--------
                          |.|         |..`....`...|
                          |h|         |...........|
                          |)|         ------.-------
                          |/----------------.......|
                          |................^......>|
                          --------------------------
DaveT the Priest             St:15 Dx:11 Co:15 In:11 Wi:17 Ch:13  Lawful
Dlvl:4  $:66 HP:0(82) Pw:106(119) AC:-1 Xp:10 T:9067  Burdened

Latest messages:
 The sleep ray hits the owlbear.
 You hit the owlbear.
 You hit the owlbear.
 You hit the owlbear.
 You hit the owlbear.
 The owlbear hits!
 The owlbear misses!
 You hit the owlbear.
 You miss the owlbear.
 The owlbear hits!
 The owlbear hits again!
 You miss the owlbear.
 The owlbear hits!
 The owlbear hits again!
 You miss the owlbear.
 What do you want to zap? [xzAGOS or ?*] S
 In what direction? k
 The sleep ray hits the owlbear.
 The sleep ray hits the winter wolf cub.
 The sleep ray bounces!
 The sleep ray hits the winter wolf cub.
 You miss the owlbear.
 The owlbear hits!
 The owlbear hits again!
 The owlbear grabs you!
 You hit the owlbear.
 You miss the owlbear.
 The owlbear misses!
 The owlbear hits!
 You are being crushed.
 You hit the owlbear.
 The owlbear just misses!
 The owlbear hits!
 You are being crushed.
 You hit the owlbear.
 You miss the owlbear.
 The owlbear hits!
 The owlbear hits again!
 You are being crushed.
 What do you want to drink? [dtwBJWYZ or ?*] ?
 What do you want to drink? [dtwBJWYZ or ?*] <space>
 Never mind.
 You cannot escape from the owlbear!
 The owlbear hits!
 The owlbear hits again!
 You are being crushed.
 You die...
 Do you want your possessions identified? [ynq] (y) y
 Do you want to see your attributes? [ynq] (y) y
 Do you want an account of creatures vanquished? [ynaq] (y) q

Inventory:
 Coins    ('$')
  $ - 66 gold pieces
 Weapons  (')')
  v - 13 +0 darts
  r - a +0 orcish dagger (weapon in left hand)
 Armor    ('[')
  s - a blessed thoroughly rusty +3 orcish helm (being worn)
  i - a +0 pair of speed boots (being worn)
  n - a blessed +1 Uruk-hai shield (being worn)
  y - a blessed +1 mummy wrapping
  j - a +0 chain mail (being worn)
 Comestibles  ('%')
  e - 2 cloves of garlic
  L - a cream pie
  q - 3 food rations
  I - a fortune cookie
  f - 2 sprigs of wolfsbane
  N - 2 lizard corpses
 Scrolls  ('?')
  X - a cursed scroll of blank paper
  F - a scroll of destroy armor
  o - 3 scrolls of earth
  U - a scroll of remove curse
  E - a scroll of scare monster
  m - a scroll of stinking cloud
  H - a scroll of taming
  P - 2 scrolls of teleportation
 Potions  ('!')
  W - a potion of booze
  Z - a potion of enlightenment
  t - 3 potions of object detection
  B - a potion of restore ability
  J - a potion of sickness
  w - a potion of sleeping
  Y - a potion of speed
  d - 5 potions of holy water
 Rings    ('=')
  C - a cursed ring of aggravate monster
  k - a ring of cold resistance
  c - a cursed ring of conflict
  h - a cursed +1 ring of gain strength
  g - a cursed +3 ring of increase damage
  K - a ring of levitation
  M - a ring of regeneration (on left hand)
 Wands    ('/')
  A - a wand of digging (0:8)
  z - a wand of digging (0:3)
  x - a wand of make invisible (0:2)
  O - a wand of polymorph (0:4)
  S - a wand of sleep (0:0)
  G - a wand of teleportation (0:6)
 Tools    ('(')
  Q - a wooden flute
  D - a cursed brass lantern
  p - a lock pick
  R - a blessed magic marker (0:0)
  T - a +0 pick-axe
  u - a +0 unicorn horn

DaveT the Priest's attributes:

Background:
 You were a Priest, level 10 human.
 You were lawful, on a mission for Amaterasu Omikami
 who was opposed by Raijin (neutral) and Susanowo (chaotic).
 You were left-handed.
 You were in Sokoban, on level 4.
 You entered the dungeon 9067 turns ago.
 You had 5176 experience points, 4824 more were needed to attain level 11.

Basics:
 You had 0 out of 82 hit points.
 You had 106 out of 119 energy points (spell power).
 Your armor class was -1.
 Your wallet contained 66 zorkmids.
 Autopickup was off.

Final Characteristics:
 Your strength was 15 (limit:18/100).
 Your dexterity was 11 (peak:12, limit:18).
 Your constitution was 15 (limit:18).
 Your intelligence was 11 (limit:18).
 Your wisdom was 17 (limit:18).
 Your charisma was 13 (limit:18).

Final Status:
 You were held by an owlbear (north).
 You weren't hungry.
 You were burdened; movement was slightly slowed.
 You were wielding a dagger.
 You had no skill with dagger.

Final Attributes:
 You were piously aligned.
 You were poison resistant.
 You were telepathic.
 You regenerated.
 You were warded.
 Your spell casting was impaired by metallic armor.
 You were very fast.
 You are dead.

Miscellaneous:
 You encountered 1 bones level.
 Total elapsed playing time was 1 hour, 23 minutes and 51 seconds.

Major events:
 Turn
    1: DaveT the lawful human Priest entered the dungeon
  987: attained the rank of Acolyte (level 3)
 1607: entered the Gnomish Mines
 3908: attained the rank of Adept (level 6)
 5121: entered Sokoban
 5519: performed his first genocide (class L)
 6406: completed 1st Sokoban level
 7285: completed 2nd Sokoban level
 7863: completed 3rd Sokoban level
 8902: completed 4th Sokoban level
 9043: attained the rank of Priest (level 10)
 9067: killed by an owlbear

Spells:
 Name                 Level Category     Fail Retention
 protection             1   clerical     100%   51%-60%
 healing                1   healing      100%   51%-75%
 magic missile          2   attack       100%   51%-75%
 knock                  1   matter       100%   51%-75%
 cure sickness          3   healing      100%  76%-100%

Skills:
 Fighting Skills
   bare handed combat [Unskilled]
 Weapon Skills
   club               [Unskilled]
   mace               [Expert]
   morning star       [Unskilled]
   flail              [Unskilled]
   hammer             [Unskilled]
   quarterstaff       [Unskilled]
   polearms           [Unskilled]
   spear              [Unskilled]
   trident            [Unskilled]
   lance              [Unskilled]
   bow                [Unskilled]
   sling              [Unskilled]
   crossbow           [Unskilled]
   dart               [Unskilled]
   shuriken           [Unskilled]
   boomerang          [Unskilled]
   unicorn horn       [Unskilled]
 Spellcasting Skills
   healing spells     [Unskilled]
   divination spells  [Unskilled]
   clerical spells    [Basic]

Voluntary challenges:
 Character rerolling was not enabled.
 You genocided 4 types of monsters.
 You never polymorphed an object.
 You used no wishes.
 You violated the special Sokoban rules once.
Achievements:
 You attained the rank of Acolyte.
 You entered a shop.
 You entered the Gnomish Mines.
 You attained the rank of Adept.
 You entered Sokoban.
 You attained the rank of Priest.

 The Dungeons of Doom: levels 1 to 9
    Level 1:
       A grave.
    Level 2:
       A scroll shop.
    Level 3: "vault"
       An altar to Amaterasu Omikami.
       Stairs down to The Gnomish Mines.
    Level 4: "empty vault"
       An altar, a fountain.
    Level 5:
       A fountain, a grave.
    Level 6:
       A fountain.
    Level 7:
       Many fountains.
    Level 8:
       A fountain.
       Stairs up to Sokoban, level 7.
    Level 9:
       An altar to Amaterasu Omikami, some fountains.
       Final resting place for
          eestinsv-Pri-Elf-Fem-Cha, killed by an Elvenking.
 The Gnomish Mines:
    Level 4:
 Sokoban: levels 7 up to 4
    Level 4: <- You were here.
       Solved.
       Final resting place for
          you, killed by an owlbear.
    Level 5:
       Solved.
    Level 6:
       Solved.
    Level 7:
       Solved.


Vanquished creatures:
  a ghost
  2 giant mimics
  a long worm
 an elven monarch
 an earth elemental
  a winter wolf
  a warhorse
  a xan
 an ettin mummy
  a quantum mechanic
  a wood golem
  a freezing sphere
  a gargoyle
  2 chameleons
  a crocodile
  a giant beetle
  a quivering blob
  a wolf
  a gremlin
  2 leprechauns
  2 orc-captains
  a scorpion
  a black light
  2 vampire bats
  a forest centaur
 an orc mummy
  a dwarf mummy
 an ogre
  2 rust monsters
  2 owlbears
  a gold golem
  5 lizards
  a dingo
  2 jaguars
  a gray unicorn
  a dust vortex
  a rope golem
  5 Woodland-elves
  a soldier ant
  3 fire ants
  3 bugbears
  a quasit
  3 water nymphs
 14 Mordor orcs
 17 Uruk-hai
  a rock piercer
  a rock mole
  a fog cloud
  a shrieker
  2 gnomish wizards
  a red naga hatchling
  a gray ooze
 an elf zombie
  a straw golem
 12 giant ants
  2 floating eyes
  a dwarf
  2 kobold leaders
  7 rothes
  2 centipedes
  3 giant bats
  a monkey
  2 werejackals
  8 iguanas
 14 killer bees
  2 acid blobs
  3 coyotes
  a hobbit
  8 hobgoblins
  a giant rat
  9 cave spiders
  2 brown molds
  a yellow mold
  a green mold
  6 gnomes
  8 garter snakes
  3 gnome zombies
  5 geckos
  8 jackals
  4 foxes
  a kobold
  4 goblins
  2 sewer rats
  3 grid bugs
  a bat
  5 lichens
  8 newts
246 creatures vanquished.

Genocided species:
 arch-liches
 master liches
 demiliches
 liches
4 species genocided.

Game over:
                       ----------
                      /          \
                     /    REST    \
                    /      IN      \
                   /     PEACE      \
                  /                  \
                  |      DaveT       |
                  |      66 Au       |
                  |   killed by an   |
                  |     owlbear      |
                  |                  |
                  |                  |
                  |       2026       |
                 *|     *  *  *      | *
        _________)/\\_//(\/(/\)/\//\/|_)_______

Goodbye DaveT the Priest...

You died in Sokoban on dungeon level 4 with 21194 points,
and 66 pieces of gold, after 9067 moves.
You were level 10 with a maximum of 82 hit points when you died.

